 Dungeon Crawl Stone Soup version 0.25-a0-577-ga4619f409e (webtiles) character file.

Game seed: 1642664866726634178, levelgen mode: deterministic

8373 Eurus the Destroyer (level 11, -5/76 HPs)
             Began as a Mummy Conjurer on Mar 2, 2020.
             Was a Follower of Ashenzari.
             Slain by a cyan ugly thing (15 damage)
             ... on level 10 of the Dungeon.
             The game lasted 00:42:16 (18203 turns).

Eurus the Destroyer (Mummy Conjurer)               Turns: 18203, Time: 00:42:16

Health: -5/76      AC:  4    Str: 12    XL:     11   Next: 9%
Magic:  21/24      EV: 13    Int: 23    God:    Ashenzari [*.....]
Gold:   745        SH:  6    Dex: 16    Spells: 19/28 levels left

rFire    x . .     SeeInvis .   k - +2 dagger (venom)
rCold    + . .     Gourm    .   e - +0 buckler
rNeg     + + +     Faith    .   n - +0 robe (curse)
rPois    ∞         Spirit   .   c - +0 helmet
rElec    .         Reflect  .   (no cloak)
rCorr    .         Harm     .   (no gloves)
MR       +....                  o - +0 pair of boots
Stlth    ++........             (no amulet)
HPRegen  0.22/turn              q - +3 ring of dexterity (curse)
MPRegen  0.19/turn              l - +6 ring of intelligence (curse)

@: very slightly contaminated
A: no food or potions, fire vulnerability, cold resistance 1, negative energy
resistance 3, torment resistance, unbreathing
a: Curse Item, Scrying, Renounce Religion


You were on level 10 of the Dungeon.
You worshipped Ashenzari.
Ashenzari was aware of your devotion.
You were not hungry.

You visited 2 branches of the dungeon, and saw 12 of its levels.
You also visited: Bailey.

You collected 745 gold pieces.

Inventory:

Hand Weapons
 k - a +2 dagger of venom (weapon)
Armour
 a - a +2 robe
 c - a +0 helmet (worn)
 d - a cursed +0 kite shield
 e - a +0 buckler (worn)
 n - a cursed +0 robe (worn)
 o - a +0 pair of boots (worn)
 t - cursed +0 shadow dragon scales
Jewellery
 l - a cursed +6 ring of intelligence (right hand)
 q - a cursed +3 ring of dexterity (left hand)
Wands
 m - a wand of paralysis (11)
 p - a wand of flame (14)
Scrolls
 f - a scroll of summoning
 g - 6 scrolls of identify
 h - a scroll of amnesia
 i - 4 scrolls of magic mapping
 j - 5 scrolls of remove curse
 r - 2 scrolls of enchant weapon
 s - a scroll of fear
 u - a scroll of fog


   Skills:
 - Level 3.8 Fighting
 - Level 2.6 Armour
 - Level 2.4 Dodging
 - Level 1.5 Stealth
 * Level 5.8 Shields
 + Level 9.2 Spellcasting
 * Level 9.5 Conjurations
 + Level 5.8 Translocations


You had 19 spell levels left.
You knew the following spells:

 Your Spells              Type           Power        Failure   Level  Hunger
a - Magic Dart            Conj           ####         1%          1    N/A
b - Searing Ray           Conj           ######       1%          2    N/A
c - Blink                 Tloc           N/A          1%          2    N/A
d - Iskenderun's Mystic   Conj/Tloc      #####...     2%          4    N/A

Your spell library contained the following spells:

 Spells                   Type           Power        Failure   Level  Hunger
 Foxfire                  Conj/Fire      ####         1%          1    N/A
 Conjure Flame            Conj/Fire      ####....     2%          3    N/A
 Dazzling Flash           Conj/Hex       ####..       2%          3    N/A
 Mephitic Cloud           Conj/Pois/Air  ####....     4%          3    N/A
 Fulminant Prism          Conj/Hex       ####......   9%          4    N/A
 Sticky Flame             Conj/Fire      ####....     9%          4    N/A
 Call Imp                 Summ           ##......     10%         2    N/A
 Slow                     Hex            ##......     10%         2    N/A
 Inner Flame              Hex/Fire       ##......     19%         3    N/A
 Fireball                 Conj/Fire      ####......   24%         5    N/A

Dungeon Overview and Level Annotations

Branches:
Dungeon (11/15)            Temple (1/1) D:5             Orc (0/2) D:11
 Bailey (visited)
   Lair: D:8-11

Altars:
Ashenzari
Cheibriados
Dithmenos
Elyvilon
Fedhas
Gozag
Hepliaklqana
Kikubaaqudgha
Makhleb
Nemelex Xobeh
Okawaru
Qazlal
Ru
Sif Muna
Trog
Uskayaw
Vehumet
Wu Jian
Xom
Yredelemnul
Zin
The Shining One

Shops:
D:5 !   D:8 %   D:10 }

Portals:
Trove: D:10 (give +2 shadow dragon scales)

Annotations:
D:6 Sigmund
D:8 3 runed translucent doors, Harold; iroha's ghost, novice OpFi
D:9 1 runed translucent door, Veteran's ghost, novice DECj


Innate Abilities, Weirdness & Mutations

You do not eat or drink.
Your flesh is vulnerable to fire.
You are immune to poison.
Your flesh is cold resistant. (rC+)
You are immune to negative energy. (rN+++)
You are immune to unholy pain and torment.
You can survive without breathing.


Message History

Confirm with . or Enter, or press ? or * to list all spells.
Aiming: Searing Ray (safe; 1% risk of failure)
Press: ? - help, Shift-Dir - straight line, f - cyan ugly thing
Aim: a cyan ugly thing The searing ray hits the cyan ugly thing.
The cyan ugly thing is lightly wounded. (Press . to maintain the ray.)
The cyan ugly thing engulfs you. The cyan ugly thing shocks you!
The searing ray hits the cyan ugly thing!
The cyan ugly thing is moderately wounded.
The cyan ugly thing engulfs you! The cyan ugly thing shocks you!
* * * LOW HITPOINT WARNING * * *
Blink to where?
Press: ? - help, Dir - move target cursor, p - cyan ugly thing You are very lightly contaminated with residual magic.
As you read the scroll of blinking, it crumbles to dust.
The cyan ugly thing engulfs you.
* * * LOW HITPOINT WARNING * * *
The cyan ugly thing shocks you!
You die...

.#..........# #..#..#########.
.'.###......# #..#..#.......#.
.#.# #......# #..#..#.......#.
.#.# #......# #..#..#>......#.
.#.###......# #.....#.......#.
.#..........# #.....#.......#.
##..........######.....#.......#.
.................##'####.......#.
............####@#............['.
............# #u'.............#.
............# #.#....##.......#.
............# #.#....##.......#.
..#########.# #§#.............#.
..# #.####.#.............#. ###
#......#.............#.
########....##.......#.
#....##....##.......#.


You could see a cyan ugly thing.

Vanquished Creatures
  Psyche (D:10)
  A centaur skeleton (D:11)
  3 hornets
  A hippogriff (D:7)
  A shadow (D:10)
  3 yaks
  A hungry ghost (D:7)
  A soldier ant (D:9)
  A two-headed ogre zombie (D:11)
  A water moccasin (D:8)
  9 orc warriors
  2 ice beasts
  4 phantoms
  4 sky beasts
  2 black bears (D:9)
  4 ogres
  An eye of draining (D:9)
  A necrophage (D:10)
  6 centaurs
  2 crocodiles
  Blork the orc (D:6)
  2 big kobolds
  5 bullfrogs
  2 gnoll sergeants
  2 scorpions
  2 troll zombies (D:11)
  3 killer bees (D:11)
  3 wights (D:11)
  5 howler monkeys
  4 crimson imps
  3 centaur zombies
  A bullfrog zombie (D:5)
  A jelly (D:8)
  5 orc wizards
  3 bullfrog skeletons
  6 orc priests
  A hound (D:8)
  2 iguanas
  12 worker ants
  5 ogre zombies (D:11)
  4 hound skeletons
  2 worker ant zombies
  14 gnolls
  9 adders
  3 shadow imps
  An ooze (D:1)
  3 adder skeletons
  2 adder zombies (D:8)
  2 worms
  2 dart slugs (D:2)
  3 leopard geckos
  38 orcs
  A ball python (D:2)
  8 giant cockroaches
  17 goblins
  5 hobgoblins
  8 jackals
  5 quokkas
  4 bats
  5 frilled lizards
  A goblin skeleton (D:11)
  4 goblin zombies (D:11)
  A hobgoblin skeleton (D:11)
  A jackal zombie (D:7)
  19 kobolds
  A leopard gecko skeleton (D:5)
  3 orc skeletons (D:11)
  15 orc zombies (D:11)
  6 rats
304 creatures vanquished.

Vanquished Creatures (others)
  3 plants
  A withered plant (D:9)
4 creatures vanquished.

Grand Total: 308 creatures vanquished

Notes
Turn   | Place    | Note
-------+----------+-------------------------------------------
     0 | D:1      | Eurus the Mummy Conjurer began the quest for the Orb.
     0 | D:1      | Reached XP level 1. HP: 13/13 MP: 4/4
   603 | D:1      | Reached XP level 2. HP: 19/19 MP: 3/6
   615 | D:1      | Learned a level 2 spell: Searing Ray
  1294 | D:2      | Reached XP level 3. HP: 17/24 MP: 5/7
  1958 | D:2      | Reached XP level 4. HP: 30/30 MP: 6/9
  2873 | D:3      | Found a faded altar of an unknown god.
  3328 | D:4      | Reached XP level 5. HP: 36/36 MP: 7/11
  3545 | D:4      | Noticed an ogre
  3561 | D:4      | Killed an ogre
  3561 | D:4      | Reached skill level 1 in Fighting
  3561 | D:4      | Reached skill level 1 in Armour
  3561 | D:4      | Reached skill level 5 in Conjurations
  3627 | D:4      | Found a hazy altar of Hepliaklqana.
  3716 | D:4      | Reached XP level 6. HP: 37/43 MP: 5/12
  4537 | D:5      | Entered Level 5 of the Dungeon
  4803 | D:5      | Found Emniph's Distillery.
  5029 | D:5      | Reached skill level 5 in Spellcasting
  5307 | D:5      | Learned a level 2 spell: Blink
  5312 | D:5      | Learned a level 4 spell: Iskenderun's Mystic Blast
  5443 | D:5      | Reached XP level 7. HP: 50/50 MP: 10/14
  5786 | D:5      | Reached skill level 1 in Translocations
  5918 | D:5      | Found a staircase to the Ecumenical Temple.
  5932 | Temple   | Entered the Ecumenical Temple
  6120 | Temple   | Became a worshipper of Ashenzari the Shackled
  7101 | D:6      | Noticed a hornet
  7424 | D:6      | Reached XP level 8. HP: 46/56 MP: 12/17
  7479 | D:6      | Noticed Blork the orc
  7486 | D:6      | Killed Blork the orc
  7545 | D:6      | Noticed Sigmund
  8466 | D:7      | Reached skill level 1 in Shields
  9263 | D:7      | Noticed a hippogriff
  9336 | D:7      | Reached XP level 9. HP: 57/61 MP: 14/19
  9707 | D:7      | Found a white marble altar of Elyvilon.
  9707 | D:7      | Found a sparkling altar of Nemelex Xobeh.
  9737 | D:7      | Found a radiant altar of Vehumet.
  9740 | D:7      | Found a faded altar of an unknown god.
  9742 | D:7      | Found a basalt altar of Yredelemnul.
  9976 | D:8      | Found a runed translucent gate.
  9996 | D:8      | Noticed Harold
 10507 | D:8      | Reached * piety under Ashenzari
 10557 | D:8      | Found a runed translucent gate.
 10560 | D:8      | Found a runed translucent gate.
 10564 | D:8      | Noticed iroha's ghost (novice OpFi)
 10564 | D:8      | Noticed a nine-headed hydra
 10564 | D:8      | Noticed a ten-headed hydra
 10652 | D:8      | Found Ivuagef's Food Emporium.
 11195 | D:9      | Found a flagged portal.
 11207 | Bailey   | Entered a bailey
 12642 | Bailey   | Noticed an orc knight
 13661 | D:9      | Reached XP level 10. HP: 70/70 MP: 16/21
 13673 | D:9      | Found a runed translucent door.
 13673 | D:9      | Noticed Veteran's ghost (novice DECj)
 13816 | D:9      | Found a snail-covered altar of Cheibriados.
 14351 | D:10     | Entered Level 10 of the Dungeon
 14406 | D:10     | Noticed Psyche
 14446 | D:10     | Found Zodatil's Gadget Shoppe.
 14643 | D:10     | Reached skill level 5 in Translocations
 15198 | D:10     | Noticed a vault guard
 15390 | D:10     | Killed Psyche
 16037 | D:10     | Found a portal to a secret trove of treasure.
 16353 | D:6      | Reached skill level 5 in Shields
 17165 | D:11     | Found a staircase to the Orcish Mines.
 17867 | D:11     | Reached XP level 11. HP: 76/76 MP: 17/24
 18134 | D:11     | Noticed a cyan ugly thing
 18203 | D:10     | Slain by a cyan ugly thing

Levels and vault maps discovered:
D:1:      minmay_arrival_jagged, layout_basic, minmay_pentomino_p4
D:2:      kennysheep_big_flooded_room, layout_basic
D:3:      cheibrodos_greedy_goblins, layout_basic,
          chequers_ecumenical_altar_twisty
D:4:      layout_loops_corners, overflow_temple_1_default, first_ration,
          serial_bayou_pond_e, kennysheep_windowed_goal
D:5:      layout_loops_ring, minmay_temple_entry_gardened_gates, serial_shops,
          shop, serial_undead, serial_undead_c, serial_undead_a,
          serial_undead_f, serial_undead_c, minivault_23
D:6:      layout_basic, st_stairs_8, uniq_sigmund, uniq_blork_the_orc
D:7:      layout_basic, chequers_temple_overflow_minitemple
D:8:      layout_basic, gammafunk_ghost_hydra_chop, serial_shops,
          nicolae_shop_statue_plus, uniq_harold
D:9:      layout_cave_pools, cheibriados_altar_1, enter_bailey_3,
          gammafunk_ghost_grave, hangedman_pestilent_swarm, st_stairs_9
D:10:     layout_stronghold, enter_trove_5, serial_shops, kennysheep_little_box,
          uniq_psyche
D:11:     layout_basic, lair_entry_dummy, zombieorc2_lemuel
Temple:   regret_index_temple_sphere_string

Skill      XL: |  1  2  3  4  5  6  7  8  9 10 |
---------------+-------------------------------+-----
Spellcasting   | 3 4 5 6 7 9 |  9.2
Conjurations   | 4 5 6 7 8 9 |  9.5
Fighting       | 1 2 3 |  3.8
Armour         | 1 2 |  2.6
Translocations | 2 3 4 5 |  5.8
Shields        | 2 4 5 |  5.8
Dodging        | 2 |  2.4
Stealth        | |  1.5

Action                   |  1- 3 |  4- 6 |  7- 9 | 10-12 || total
-------------------------+-------+-------+-------+-------++-------
Melee: Unarmed           |    12 |       |       |       ||    12
       Club              |    10 |       |       |       ||    10
       Dagger            |     8 |     8 |    38 |    67 ||   121
 Cast: Magic Dart        |    55 |    56 |   109 |    55 ||   275
       Searing Ray       |     3 |    28 |    97 |    66 ||   194
Invok: Curse Item        |       |       |     1 |       ||     1
  Use: Scroll            |       |       |    12 |     2 ||    14
 Stab: Sleeping          |     1 |       |       |       ||     1
Armor: Robe              |    11 |     8 |    31 |    16 ||    66
Dodge: Dodged            |    39 |    30 |   119 |    63 ||   251
Block: Buckler           |       |       |    22 |    28 ||    50

Table legend:
 A = Non-vault XP
 B = Vault XP
 C = Vault XP percentage of total XP
 D = Non-vault monster count
 E = Vault monster count
 F = Vault count percentage of total count
                 A         B        C        D         E       F
            +---------+---------+-------+---------+---------+-------
      Total |    8895 |    3067 |  25.6 |     223 |      81 |  26.6
            +---------+---------+-------+---------+---------+-------
        D:1 |      24 |       6 |  20.0 |      11 |       4 |  26.7
        D:2 |      92 |       2 |   2.1 |      25 |       2 |   7.4
        D:3 |      49 |      17 |  25.8 |      13 |       9 |  40.9
        D:4 |     293 |       0 |   0.0 |      11 |       0 |   0.0
        D:5 |     390 |     235 |  37.6 |      14 |       9 |  39.1
        D:6 |    1105 |      99 |   8.2 |      25 |       1 |   3.8
        D:7 |    1233 |       0 |   0.0 |      30 |       0 |   0.0
        D:8 |     966 |       0 |   0.0 |      32 |       0 |   0.0
        D:9 |    1035 |     645 |  38.4 |      21 |      10 |  32.3
       D:10 |    1814 |     434 |  19.3 |      18 |       1 |   5.3
       D:11 |    1894 |     816 |  30.1 |      23 |      35 |  60.3
     Bailey |       0 |     813 | 100.0 |       0 |      10 | 100.0
            +---------+---------+-------+---------+---------+-------
